 Dungeon Crawl Stone Soup version 0.30-a0-778-g2ef04afb54 (webtiles) character file.

Game seed: 4872720431608992738

11 sircluck the Grave Robber (level 2, 0/19 HPs)
             Began as a Mummy Necromancer on Feb 15, 2023.
             Constricted to death by a ball python (1 damage)
             ... on level 1 of the Dungeon.
             The game lasted 00:00:48 (362 turns).

sircluck the Grave Robber (Mummy Necromancer)        Turns: 362, Time: 00:00:49

Health: 0/19       AC:  2    Str: 11    XL:     2   Next: 17%
Magic:  6/6        EV:  9    Int: 14    God:
Gold:   25         SH:  0    Dex: 12    Spells: 6/7 levels left

rFire   x . .      SeeInvis .    (no weapon)
rCold   + . .      Faith    +    (no shield)
rNeg    + + +      Spirit   .    a - +0 robe
rPois   ∞          Reflect  .    (no helmet)
rElec   .          Harm     .    (no cloak)
rCorr   .          Rampage  .    (no gloves)
Will    .....                    (no boots)
Stlth   ++                       (no amulet)
HPRegen 0.23/turn                (no ring)
MPRegen 0.10/turn                (no ring)

@: constricted
A: cold resistance 1, negative energy resistance 3, torment resistance 2, heat
vulnerability 1, no potions, faith
a: no special abilities


You were on level 1 of the Dungeon.
You visited 1 branch of the dungeon, and saw 1 of its levels.

You collected 25 gold pieces.

Inventory:

Armour
 a - a +0 robe (worn)
Jewellery
 c - a ring of poison resistance
Potions
 b - a potion of curing {unknown}


   Skills:
 + Level 1.6 Dodging
 + Level 1.5 Stealth
 + Level 0.2 Unarmed Combat
 + Level 3.0 Spellcasting
 + Level 4.3 Necromancy


You had 6 spell levels left.
You knew the following spells:

 Your Spells              Type           Power      Damage    Failure   Level
a - Necrotise             Necr           56%        1d6       3%          1

Your spell library contained the following spells:

 Spells                   Type           Power      Damage    Failure   Level
 Vampiric Draining        Necr           14%        2d7       11%         3
 Animate Dead             Necr           14%        N/A       36%         4
 Agony                    Necr           14%        N/A       71%         5


Dungeon Overview and Level Annotations

Branches:
Dungeon (1/15)

Altars:


Innate Abilities, Weirdness & Mutations

You are immune to poison.
Your flesh is cold resistant. (rC+)
You are immune to negative energy. (rN+++)
You are immune to unholy pain and torment.
You are vulnerable to heat. (rF-)
You do not drink.
You have a special connection with the divine. (Faith)


Message History

You see here a frilled lizard corpse.
A goblin and a hobgoblin come into view.
The goblin shouts!
The endoplasm quivers.
The hobgoblin moves out of view.
You see here a ring of poison resistance.
c - a ring of poison resistance 2 ball pythons come into view.
Found a fizzy golden potion.
The ball python hisses angrily.
The endoplasm hits you.
The ball python hisses angrily.
You hit the endoplasm.
The endoplasm is moderately wounded.
You hear a shout!
The endoplasm barely misses you.
You hit the endoplasm.
The endoplasm is heavily wounded.
The endoplasm hits you. The goblin closely misses you.
You hit the endoplasm but do no damage.
The endoplasm is heavily wounded.
The endoplasm hits you. The goblin misses you.
You hit the endoplasm but do no damage.
The endoplasm is heavily wounded.
The endoplasm barely misses you. The goblin closely misses you.
You barely miss the endoplasm.
The endoplasm is heavily wounded.
The ball python bites you. The ball python grabs you.
The ball python constricts you. The endoplasm barely misses you.
A rat comes into view.
The goblin hits you with a +0 club.
* * * LOW HITPOINT WARNING * * *
You hit the endoplasm.
The endoplasm is severely wounded.
The ball python bites you.
* * * LOW HITPOINT WARNING * * *
The ball python bites you.
* * * LOW HITPOINT WARNING * * *
The ball python constricts you.
You die...

...##...# #.....#
...###..### #..(..# #
.... #.†).###.....# .###
....##.##...#.....##....
...####...........#
#....# ##.......#
..#.... ##...†..# #.
#...# #.##..#...####. #
#.### #......@S.......
.. ..###.#SJg.###...
#.#..g.# . #........
###.....## #......
#....#.. #.....!r.


You could see an endoplasm, a hobgoblin, a goblin, 2 ball pythons and a rat.

Vanquished Creatures
  An endoplasm (D:1)
  A giant cockroach (D:1)
  A goblin (D:1)
  2 hobgoblins (D:1)
  A kobold (D:1)
  A quokka (D:1)
  3 frilled lizards (D:1)
10 creatures vanquished.

Notes
Turn   | Place    | Note
-------+----------+-------------------------------------------
     0 | D:1      | sircluck the Mummy Necromancer began the quest for the Orb.
     0 | D:1      | Reached XP level 1. HP: 13/13 MP: 4/4
   284 | D:1      | Reached XP level 2. HP: 15/19 MP: 6/6
   362 | D:1      | Constricted to death by a ball python

Illustrated notes

Levels and vault maps discovered:
D:1:      minmay_arrival_glassed_features, layout_basic

Skill      XL: |  1 |
---------------+----+-----
Spellcasting   | 3 |  3.0
Dodging        | |  1.6
Stealth        | |  1.5
Unarmed Combat | |  0.2
Necromancy     | |  4.3

Action                     || total
---------------------------++-------
  Melee: Unarmed           ||    44
         Punch             ||     1
   Cast: Necrotise         ||     6
 Armour: Robe              ||    14
  Dodge: Dodged            ||    26

Table legend: (Time is in decaauts)
 A = Elapsed time spent in this place.
 B = Non-inter-level travel time spent in this place.
 C = Inter-level travel time spent in this place.
 D = Time resting spent in this place.
 E = Time spent auto-exploring this place.
 F = Levels seen in this place.
 G = Mean time per level.
                   A        B        C        D        E       F      G
               +--------+--------+--------+--------+--------+-----+--------+
         Total |    362 |    362 |      0 |      0 |    218 |   1 |  362.0 |
       Dungeon |    362 |    362 |      0 |      0 |    218 |   1 |  362.0 |
               +--------+--------+--------+--------+--------+-----+--------+

Top non-repeatable levels by time:
     D:1: 362 daAuts
